 Dungeon Crawl Stone Soup version 0.28.0 (webtiles) character file.

Game seed: 929694713024536218

233 issech the Cudgeller (level 5, -3/53 HPs)
             Began as a Troll Monk on Feb 18, 2022.
             Slain by Grinder (8 damage)
             ... while paralysed by Grinder
             ... on level 3 of the Dungeon.
             The game lasted 00:08:44 (2439 turns).

issech the Cudgeller (Troll Monk)                   Turns: 2439, Time: 00:08:44

Health: -3/53      AC:  4    Str: 19    XL:     5   Next: 74%
Magic:  4/4        EV:  1    Int:  6    God:
Gold:   168        SH:  0    Dex: 14    Spells: 4/4 levels left

rFire   . . .      SeeInvis .   l - +2 whip (venom)
rCold   . . .      Faith    .   (no shield)
rNeg    . . .      Spirit   .   b - +0 robe
rPois   .          Reflect  .   (helmet restricted)
rElec   .          Harm     .   (no cloak)
rCorr   .          Rampage  .   (gloves unavailable)
Will    .....                   (boots unavailable)
Stlth   ++........              (no amulet)
HPRegen 0.97/turn               (no ring)
MPRegen 0.09/turn               (no ring)

@: paralysed
A: large, unfitting armour, claws 3, regeneration 1, shaggy fur 1, tough skin 1
a: no special abilities


You were on level 3 of the Dungeon.
You visited 1 branch of the dungeon, and saw 3 of its levels.

You collected 168 gold pieces.

Inventory:

Hand Weapons
 a - a +0 mace
 l - a +2 whip of venom (weapon)
 m - a +0 scythe
Missiles
 c - 84 stones (quivered)
 g - 15 arrows
 j - 10 poisoned darts
 q - 15 bolts
Armour
 b - a +0 robe (worn)
Scrolls
 h - a scroll of blinking {unknown}
 i - 3 scrolls of teleportation {unknown}
 n - a scroll of torment {unknown}
 o - a scroll of magic mapping {unknown}
 p - a scroll of immolation {unknown}
Potions
 d - a potion of might {unknown}
 e - 2 potions of brilliance {unknown}
 f - a potion of magic {unknown}
 k - a potion of ambrosia {unknown}


   Skills:
 + Level 3.2 Fighting
 + Level 4.4 Maces & Flails
 + Level 3.4 Dodging
 + Level 1.2 Stealth


You had 4 spell levels left.
You didn't know any spells.
Your spell library contained the following spells:

 Spells                   Type           Power      Damage    Failure   Level
 Tukima's Dance           Hex            0%         N/A       83%         3
 Passage of Golubria      Tloc           0%         N/A       99%         4
 Yara's Violent Unravell  Hex/Tmut       0%         3d3       100%        5


Dungeon Overview and Level Annotations

Branches:
Dungeon (3/15)

Altars:

Annotations:
D:3 Grinder


Innate Abilities, Weirdness & Mutations

You are too large for most types of armour.
You have claws for hands.
Your natural rate of healing is unusually fast.
You are covered in fur. (AC +1)
You have tough skin. (AC +1)


Message History

You can move again.
Something hits you.
There is an open door, spattered with blood here.
You hit something. Something hits you but does no damage.
You miss something. Something hits you!
You writhe in agony.
You closely miss something.
Something tries to affect you, but you resist.
You hit something but do no damage. You miss something. Something hits you!
You closely miss something.
There is an open door, spattered with blood here.
Pain shoots through your body!
You suddenly lose the ability to move!
You can move again.
You open the door.
You suddenly lose the ability to move!
Something hits you.
You writhe in agony.
Something hits you.
You writhe in agony.
Something hits you.
You writhe in agony.
Something hits you!
You writhe in agony.
* * * LOW HITPOINT WARNING * * *
You can move again.
You closely miss something. Something hits you!
* * * LOW HITPOINT WARNING * * *
You writhe in agony.
* * * LOW HITPOINT WARNING * * *
You hit something.
Something tries to affect you, but you resist.
Grinder appears from thin air!
Reactivating autopickup.
Grinder hits you but does no damage. Grinder gestures at you.
You suddenly lose the ability to move!
Grinder hits you.
* * * LOW HITPOINT WARNING * * *
Grinder hits you!
* * * LOW HITPOINT WARNING * * *
You writhe in agony.
* * * LOW HITPOINT WARNING * * *
Grinder hits you!
You die...

#########
#.......#
###.#####5#
#...##.##@#
#####
#.'.##.##.#
#.P.#
#.####.##.#
########.#
#.##..
.........#
#.####
.'.......+
###
##.......#
#........#
#........#


You could see Grinder (poisoned).

Vanquished Creatures
  Sigmund (D:2)
  3 adders
  A worm (D:2)
  2 dart slugs
  2 ball pythons
  3 endoplasms
  10 giant cockroaches
  4 goblins
  4 hobgoblins
  2 jackals (D:1)
  3 quokkas
  4 bats
  3 frilled lizards
  4 kobolds
  3 rats
49 creatures vanquished.

Notes
Turn   | Place    | Note
-------+----------+-------------------------------------------
     0 | D:1      | issech the Troll Monk began the quest for the Orb.
     0 | D:1      | Reached XP level 1. HP: 22/22 MP: 0/0
    85 | D:1      | Reached XP level 2. HP: 29/29 MP: 1/1
    91 | D:1      | You fall into a shaft and drop 1 floor!
   296 | D:1      | Reached skill level 3 in Maces & Flails
   486 | D:1      | Found a faded altar of an unknown god.
   596 | D:2      | Reached XP level 3. HP: 36/36 MP: 2/2
  1421 | D:2      | Noticed Sigmund
  1968 | D:2      | Killed Sigmund
  1969 | D:2      | Reached skill level 4 in Maces & Flails
  1969 | D:2      | Reached XP level 4. HP: 24/45 MP: 3/3
  1969 | D:2      | Reached XP level 5. HP: 28/53 MP: 4/4
  2391 | D:3      | Noticed Grinder
  2393 | D:3      | Paralysed by something for 4 turns
  2416 | D:3      | Paralysed by something for 2 turns
  2420 | D:3      | Paralysed by something for 5 turns
  2435 | D:3      | Paralysed by Grinder for 6 turns
  2439 | D:3      | Slain by Grinder

Illustrated notes

Levels and vault maps discovered:
D:1:      shiori_shiawase, layout_rooms, chequers_ecumenical_altar_lobes,
          st_stairs_14
D:2:      minmay_roachtagon, layout_loops_corners,
          minmay_misc_feat_four_crosses, uniq_sigmund
D:3:      wad_pebble_path, layout_basic, serial_aquarium,
          aquarium_bridge_long_separate [aquarium_subvault_bridge,
          aquarium_subvault_wall, aquarium_subvault_bridge,
          aquarium_subvault_bridge, aquarium_subvault_bridge,
          aquarium_subvault_bridge], aquarium_window_2, aquarium_window_2,
          aquarium_window_1, aquarium_view_2d, aquarium_view_2e, st_stairs_14,
          minivault_27, uniq_grinder, uniq_terence

Skill      XL: |  1  2  3 |
---------------+----------+-----
Maces & Flails | 3 4 |  4.4
Dodging        | 3 |  3.4
Fighting       | 3 |  3.2
Stealth        | |  1.2

Action                   |  1- 3 |  4- 6 || total
-------------------------+-------+-------++-------
Melee: Mace              |   122 |       ||   122
       Whip              |     9 |    27 ||    36
       Punch             |     1 |     1 ||     2
 Stab: Sleeping          |     1 |     1 ||     2
Armor: Robe              |    61 |     5 ||    66
       Skin              |    10 |       ||    10
Dodge: Dodged            |    79 |    11 ||    90
